 Dungeon Crawl Stone Soup version 0.30-a0-389-g8d7d949f56 (webtiles) character file.

Game seed: 11267986894731575904

9265 Lobster4 the Geomancer (level 11, -4/84 HPs)
             Began as a Human Wanderer on Dec 4, 2022.
             Was a Believer of Nemelex Xobeh.
             Slain by a swamp worm (16 damage)
             ... on level 11 of the Dungeon.
             The game lasted 00:32:50 (12348 turns).

Lobster4 the Geomancer (Human Wanderer)            Turns: 12348, Time: 00:32:51

Health: -4/84      AC: 11    Str: 18    XL:     11   Next: 71%
Magic:  21/21      EV: 13    Int: 15    God:    Nemelex Xobeh [**....]
Gold:   639        SH:  0    Dex: 14    Spells: 19/24 levels left

rFire   . . .      SeeInvis +    a - +8 short sword of the Old World {vorpal, Str+5}
rCold   . . .      Faith    .    (no shield)
rNeg    . . .      Spirit   .    u - +0 steam dragon scales
rPois   +          Reflect  .    x - +1 helmet {SInv}
rElec   .          Harm     .    I - +1 cloak {rPois}
rCorr   .          Rampage  .    (no gloves)
Will    +....                    (no boots)
Stlth   ++........               (no amulet)
HPRegen 0.34/turn                q - ring of willpower
MPRegen 0.17/turn                o - +4 ring of slaying

@: no status effects
A: no striking features
a: Renounce Religion, Draw Escape, Draw Destruction, Draw Summoning


You were on level 11 of the Dungeon.
You worshipped Nemelex Xobeh.
Nemelex Xobeh was pleased with you.
You visited 2 branches of the dungeon, and saw 12 of its levels.

You collected 639 gold pieces.

Inventory:

Hand Weapons
 a - the +8 short sword of the Old World (weapon) {vorpal, Str+5}
   (You took it off Duvessa on level 6 of the Dungeon)

   It inflicts extra damage upon your enemies.
   Str:       It affects your strength (+5).
 b - a +4 vorpal sling
 w - a +0 shortbow
 D - a +1 whip of draining
 M - a +3 shortbow
 N - the +6 mace of Mourning {venom, rF+}
   (You found it on level 8 of the Dungeon)

   It poisons the flesh of those it strikes.
   rF:        It protects you from fire.
 R - a +3 sling
Missiles
 d - 4 curare-tipped darts
 e - 120 stones
 p - 33 poisoned darts (quivered)
 r - 5 silver javelins
 s - a boomerang of dispersal
 y - 3 boomerangs
 E - 5 atropa-tipped darts
Armour
 u - +0 steam dragon scales (worn)
 x - a +1 helmet of see invisible (worn)
 H - a +1 robe of willpower
 I - a +1 cloak of poison resistance (worn)
 O - a +0 troll leather armour
Magical Staves
 K - a staff of air
Jewellery
 o - a +4 ring of slaying (right hand)
 q - a ring of willpower (left hand)
 v - a +6 ring of intelligence
 P - a ring of protection from cold
 Q - a ring of resist corrosion
Wands
 g - a wand of acid (5)
 l - a wand of mindburst (13)
 C - a wand of polymorph (6)
 F - a wand of digging (6)
 G - a wand of flame (5)
 S - a wand of charming (5)
Scrolls
 c - 4 scrolls of identify
 f - 3 scrolls of teleportation
 i - a scroll of brand weapon
 m - a scroll of fear
 n - a scroll of magic mapping
 J - a scroll of enchant armour
 L - a scroll of poison
 T - a scroll of vulnerability {unknown}
Potions
 h - a potion of flight
 j - a potion of resistance
 k - a potion of invisibility
 t - 3 potions of might
 z - 2 potions of ambrosia
 A - a potion of berserk rage
 B - a potion of curing


   Skills:
 + Level 7.6 Fighting
 + Level 4.3(4.5) Short Blades
 - Level 2.0(3.4) Long Blades
 + Level 3.1 Maces & Flails
 + Level 3.7 Ranged Weapons
 - Level 1.0 Throwing
 + Level 6.8 Armour
 + Level 4.3 Dodging
 - Level 1.0 Stealth
 + Level 7.0 Spellcasting
 + Level 2.4 Summonings
 + Level 8.3 Earth Magic
 - Level 3.0 Invocations
 + Level 2.7 Evocations


You had 19 spell levels left.
You knew the following spells:

 Your Spells              Type           Power      Damage    Failure   Level
a - Sandblast             Erth           60%        2d14      1%          1
b - Animate Armour        Summ/Erth      42%        N/A       14%         4

Your spell library contained the following spells:

 Spells                   Type           Power      Damage    Failure   Level
 Summon Small Mammal      Summ           48%        N/A       4%          1
 Apportation              Tloc           10%        N/A       13%         1
 Necrotise                Necr           20%        1d5       13%         1
 Ensorcelled Hibernation  Hex/Ice        10%        N/A       21%         2
 Sublimation of Blood     Necr           5%         N/A       21%         2
 Leda's Liquefaction      Hex/Erth       8%         N/A       24%         4
 Petrify                  Tmut/Erth      17%        N/A       24%         4
 Spider Form              Tmut/Pois      5%         N/A       36%         3
 Anguish                  Hex/Necr       2%         N/A       78%         4
 Freezing Cloud           Conj/Ice/Air   2%         6-21      98%         5
 Irradiate                Conj/Tmut      2%         3d12      98%         5
 Simulacrum               Ice/Necr       2%         N/A       100%        6
 Polar Vortex             Ice            2%         N/A       100%        9


Dungeon Overview and Level Annotations

Branches:
Dungeon (11/15)            Temple (1/1) D:6            Lair (0/5) D:10
    Orc (0/2) D:10

Altars:
Ashenzari
Cheibriados
Dithmenos
Elyvilon
Fedhas
Gozag
Hepliaklqana
Kikubaaqudgha
Makhleb
Nemelex Xobeh
Okawaru
Qazlal
Ru
Sif Muna
Trog
Uskayaw
Vehumet
Wu Jian
Xom
Yredelemnul
Zin
The Shining One

Shops:
D:4 [   D:8 :

Annotations:
D:7 exclusion: 2 two-headed ogres


Message History

You puncture the tyrant leech!
The tyrant leech is heavily wounded.
The tyrant leech misses you.
The swamp worm fires a harpoon shot at you.
The harpoon shot hits your yak!
You miss the tyrant leech.
The tyrant leech is heavily wounded.
Your yak gores the swamp worm!
The swamp worm fires a harpoon shot at you.
The harpoon shot hits your yak.
You hit the tyrant leech.
The tyrant leech is severely wounded.
The tyrant leech closely misses you.
Your yak gores the swamp worm!
The swamp worm bites your yak!
Your yak dies!
Your yak's corpse dissolves into shadows!
You barely miss the tyrant leech.
The tyrant leech is severely wounded.
The tyrant leech barely misses you.
You puncture the tyrant leech!
The tyrant leech is almost dead.
You hit the tyrant leech.
You punch the tyrant leech, but do no damage.
The tyrant leech is almost dead.
The tyrant leech bites you!!
* * * LOW HITPOINT WARNING * * *
The tyrant leech draws strength from your injuries!
You puncture the tyrant leech!
You kill the tyrant leech!
The swamp worm bites you!!
* * * LOW HITPOINT WARNING * * *
Okay, then.
Okay, then.
Unknown command.
You feel better. The swamp worm barely misses you.
You puncture the swamp worm!
The swamp worm is almost dead.
The swamp worm bites you!
You die...
Your body disappears without a glow.

.# #..#..<..~~# ..
#..#....~~~# .. .
#..#....~≈## w## .. .!.
#..#....~~# ?~ ..
.....##†#)...~≈## ~~# ~
#. ........)....~~~# ~~#
~~
#####.......†.~~##~##~~#
#..........~≈†~P≈~#
#........@†~~~~~~~#
#.........w.~~~~~.#
###########.......#
#########


You could see a swamp worm.

Vanquished Creatures
  Pikel (D:5)
  Maggie (D:6)
  A troll (D:9)
  A tyrant leech (D:11)
  3 hornets
  2 shadows
  2 wraiths
  A steam dragon (D:6)
  9 yaks
  Menkaure (D:6)
  Duvessa (D:6)
  2 acid dragons (D:10)
  4 water moccasins
  3 black bears
  2 orc warriors
  2 sky beasts (D:6)
  4 ice beasts
  2 ogres (D:6)
  6 centaurs
  4 lemures (D:5)
  5 bullfrogs
  A kobold brigand (D:10)
  2 necrophages (D:4)
  5 wights (D:7)
  Dowan (D:6)
  5 killer bees (D:10)
  5 electric eels (D:10)
  4 howler monkeys
  4 jellies
  6 orc priests
  Crazy Yiuf (D:2)
  11 hounds
  10 iguanas
  6 orc wizards
  4 gnolls (D:3)
  5 adders
  A shadow imp (D:5)
  A white imp (D:8)
  2 ufetubi
  2 worms
  3 dart slugs
  21 orcs
  9 endoplasms
  3 giant cockroaches
  7 hobgoblins
  8 jackals
  4 quokkas
  3 ball pythons
  3 bats
  4 frilled lizards
  7 goblins
  10 kobolds
  A rat (D:1)
216 creatures vanquished.

Vanquished Creatures (collateral kills)
  2 swamp worms (D:11)
  2 centaurs (D:11)
4 creatures vanquished.

Vanquished Creatures (others)
  3 plants (D:11)
3 creatures vanquished.

Grand Total: 223 creatures vanquished

Notes
Turn   | Place    | Note
-------+----------+-------------------------------------------
     0 | D:1      | Lobster4 the Human Wanderer began the quest for the Orb.
     0 | D:1      | Lobster4 set off with the following items: a +0 falchion, a
                  | +0 cloak, a potion of lignification, a +0 robe; and the
                  | following spell memorised: Sandblast; and the following
                  | spells available to memorise: Animate Armour, Leda's
                  | Liquefaction.
     0 | D:1      | Reached XP level 1. HP: 13/13 MP: 2/2
   240 | D:1      | Reached XP level 2. HP: 7/20 MP: 3/3
   801 | D:2      | Reached XP level 3. HP: 24/25 MP: 3/5
   985 | D:2      | Reached skill level 1 in Stealth
  1360 | D:2      | Reached skill level 1 in Fighting
  1463 | D:2      | Found a runed translucent door.
  1464 | D:2      | Noticed Crazy Yiuf
  1787 | D:3      | Reached XP level 4. HP: 28/32 MP: 6/6
  2048 | D:3      | Reached skill level 1 in Maces & Flails
  2053 | D:3      | Reached skill level 1 in Ranged Weapons
  2053 | D:3      | Reached XP level 5. HP: 36/37 MP: 1/7
  2520 | D:3      | Found a faded altar of an unknown god.
  3111 | D:3      | Found a shimmering altar of Xom.
  3228 | D:4      | Reached XP level 6. HP: 44/44 MP: 4/9
  3261 | D:4      | Found Boryvyca's Armour Boutique.
  3408 | D:4      | Reached skill level 1 in Throwing
  3408 | D:4      | Reached skill level 4 in Earth Magic
  3711 | D:4      | Reached XP level 7. HP: 46/51 MP: 10/10
  4073 | D:5      | Entered Level 5 of the Dungeon
  4528 | D:5      | Noticed Pikel
  4536 | D:5      | Killed Pikel
  4537 | D:5      | Reached skill level 5 in Earth Magic
  4537 | D:5      | Reached XP level 8. HP: 60/60 MP: 11/13
  5104 | D:6      | Reached XP level 9. HP: 64/66 MP: 15/15
  5129 | D:6      | Reached skill level 5 in Armour
  5129 | D:6      | Noticed Dowan
  5164 | D:6      | Noticed Maggie
  5223 | D:6      | Reached skill level 6 in Earth Magic
  5370 | D:6      | Reached skill level 5 in Fighting
  5509 | D:6      | Reached skill level 5 in Spellcasting
  5890 | D:6      | Identified the +8 short sword of the Old World {vorpal,
                  | Str+5}
  5890 | D:6      | Noticed Duvessa
  5898 | D:6      | Found a staircase to the Ecumenical Temple.
  5903 | Temple   | Entered the Ecumenical Temple
  6252 | Temple   | Became a worshipper of Nemelex Xobeh the Trickster
  6488 | D:6      | Killed Duvessa
  6489 | D:6      | Reached skill level 1 in Invocations
  6787 | D:6      | Noticed Menkaure
  6794 | D:6      | Killed Menkaure
  6795 | D:6      | Reached skill level 1 in Short Blades
  6795 | D:6      | Reached skill level 7 in Earth Magic
  6795 | D:6      | Reached XP level 10. HP: 69/76 MP: 18/18
  6845 | D:6      | Killed Dowan
  7069 | D:6      | Killed Maggie
  7287 | D:2      | Killed Crazy Yiuf
  8014 | D:7      | Noticed a two-headed ogre
  8014 | D:7      | Noticed a two-headed ogre
  8116 | D:7      | Reached * piety under Nemelex Xobeh
  8316 | D:8      | Found Filyn's Book Shoppe.
  8606 | D:8      | Identified the +6 mace of Mourning {venom, rF+}
  9081 | D:8      | Received a gift from Nemelex Xobeh
  9502 | D:9      | Learned a level 4 spell: Animate Armour
  9565 | D:9      | Reached skill level 1 in Evocations
  9606 | D:8      | Reached XP level 11. HP: 57/84 MP: 20/20
  9878 | D:9      | Reached skill level 1 in Summonings
  9878 | D:9      | Reached skill level 8 in Earth Magic
 10360 | D:10     | Entered Level 10 of the Dungeon
 10621 | D:10     | Found a staircase to the Orcish Mines.
 11284 | D:10     | Found a staircase to the Lair.
 12194 | D:11     | Reached ** piety under Nemelex Xobeh
 12346 | D:11     | HP: 2/84 [swamp worm (19)]
 12348 | D:11     | Slain by a swamp worm

Illustrated notes

Levels and vault maps discovered:
D:1:      lemuel_arrival_funnel, layout_basic
D:2:      layout_basic, chequers_serial_rivers_large_a, uniq_crazy_yiuf_cottage
D:3:      layout_loops_corners, mainiacjoe_overflow_alcove_1,
          nicolae_ecumenical_oubliette
D:4:      layout_rooms, serial_shops, shop, dk_noncrumbling_4
D:5:      minmay_spotlight, layout_rooms, interstate_on_off, uniq_pikel
D:6:      minmay_recursive_quarters, layout_basic, temple_statues,
          chequers_mini_garden, kennysheep_doodads, uniq_menkaure, uniq_maggie,
          uniq_duvessa
D:7:      layout_gridville, minmay_misc_feat_square,
          hellmonk_guarded_unrand_gyre_and_gimble
D:8:      layout_loops_cross, serial_shops, kennysheep_little_box
D:9:      layout_gridville
D:10:     layout_long_grid, erik_lair_island, nicolae_lava_and_water
D:11:     layout_gridville, worms_lemuel
Temple:   mainiacjoe_temple_starburst

Skill      XL: |  1  2  3  4  5  6  7  8  9 10 11 |
---------------+----------------------------------+-----
Stealth        | 1 |  1.0
Fighting       | 1 2 4 6 7 |  7.6
Maces & Flails | 1 3 |  3.1
Armour         | 2 3 4 6 |  6.8
Ranged Weapons | 1 2 3 |  3.7
Spellcasting   | 2 3 4 5 6 7 |  7.0
Throwing       | 1 |  1.0
Earth Magic    | 4 5 7 8 |  8.3
Invocations    | 1 3 |  3.0
Short Blades   | 1 3 4 |  4.3
Evocations     | 1 2 |  2.7
Summonings     | 2 |  2.4
Dodging        | 4 |  4.3
Long Blades    | |  2.0

Action                   |  1- 3 |  4- 6 |  7- 9 | 10-12 || total
-------------------------+-------+-------+-------+-------++-------
Melee: Whip              |    96 |    66 |    18 |       ||   180
       Falchion          |     2 |       |       |       ||     2
       Punch             |     1 |     1 |       |     1 ||     3
       Short sword       |       |       |     8 |   149 ||   157
       Mace              |       |       |       |    11 ||    11
 Fire: Sling             |    18 |     6 |   188 |   205 ||   417
Throw: Dart              |       |     7 |     4 |     8 ||    19
       Throwing net      |       |       |     1 |       ||     1
 Cast: Sandblast         |       |    38 |    35 |    33 ||   106
Evoke: Wand              |       |       |       |     2 ||     2
  Use: Scroll            |     6 |     6 |    10 |    10 ||    32
       Potion            |       |     2 |     2 |     2 ||     6
 Stab: Sleeping          |     2 |     3 |       |       ||     5
Armor: Robe              |    22 |    14 |    19 |       ||    55
       Ring mail         |       |       |    22 |       ||    22
       Leather armour    |       |       |     1 |       ||     1
       Steam dragon scal |       |       |     9 |    88 ||    97
Dodge: Dodged            |    66 |    53 |   111 |   169 ||   399

Table legend: (Time is in decaauts)
 A = Elapsed time spent in this place.
 B = Non-inter-level travel time spent in this place.
 C = Inter-level travel time spent in this place.
 D = Time resting spent in this place.
 E = Time spent auto-exploring this place.
 F = Levels seen in this place.
 G = Mean time per level.
                   A        B        C        D        E       F      G
               +--------+--------+--------+--------+--------+-----+--------+
         Total |  12530 |  11555 |    975 |   1812 |   7400 |  12 | 1044.2 |
       Dungeon |  12120 |  11203 |    917 |   1812 |   7063 |  11 | 1101.8 |
        Temple |    409 |    351 |     58 |      0 |    337 |   1 |  409.0 |
               +--------+--------+--------+--------+--------+-----+--------+

Top non-repeatable levels by time:
     D:6: 1713 daAuts
    D:10: 1501 daAuts
     D:3: 1425 daAuts
     D:9: 1319 daAuts
     D:2: 1184 daAuts
     D:8: 1146 daAuts
     D:5: 1093 daAuts
     D:4: 946 daAuts
     D:7: 839 daAuts
     D:1: 784 daAuts
  Temple: 409 daAuts
    D:11: 166 daAuts
